 Dungeon Crawl Stone Soup version 0.28.0-62-gf88900778d (webtiles) character file.

Game seed: 15987790523034467827

609 cbfl8 the Chopper (level 7, -2/91 HPs)
             Began as a Minotaur Berserker on May 14, 2023.
             Was an Elder of Trog.
             Slain by an ogre
             ... wielding a +0 giant club
              (30 damage)
             ... on level 5 of the Dungeon on May 16, 2023.
             The game lasted 00:04:51 (4681 turns).

cbfl8 the Chopper (Minotaur Berserker)              Turns: 4681, Time: 00:04:51

Health: -2/91      AC:  5    Str: 27    XL:     7   Next: 19%
Magic:  6/6        EV: 12    Int:  4    God:    Trog [****..]
Gold:   321        SH:  0    Dex: 12    Spells: 6/6 levels left

rFire   . . .      SeeInvis .   a - +0 hand axe
rCold   . . .      Faith    +   (no shield)
rNeg    . . .      Spirit   .   i - +0 ring mail
rPois   .          Reflect  .   (helmet restricted)
rElec   .          Harm     .   (no cloak)
rCorr   .          Rampage  .   (no gloves)
Will    .....                   (no boots)
Stlth   ..........              f - amulet of faith
HPRegen 0.25/turn               h - +6 ring of strength
MPRegen 0.10/turn               (no ring)

@: berserking, very quick
A: horns 2, retaliatory headbutt
a: Renounce Religion, Berserk, Trog's Hand, Brothers in Arms


You were on level 5 of the Dungeon.
You worshipped Trog.
Trog was greatly pleased with you.
You visited 1 branch of the dungeon, and saw 5 of its levels.

You collected 321 gold pieces.

Inventory:

Hand Weapons
 a - a +0 hand axe (weapon)
Armour
 i - a +0 ring mail (worn)
Jewellery
 f - an amulet of faith (around neck)
 h - a +6 ring of strength (left hand)
 k - an amulet of the acrobat
Wands
 q - a wand of iceblast (3)
Scrolls
 b - 2 scrolls of teleportation {unknown}
 d - 3 scrolls of identify {unknown}
 e - 2 scrolls of noise {unknown}
 j - a scroll of blinking {unknown}
Potions
 c - a potion of lignification {unknown}
 g - 2 potions of curing {unknown}
 l - a potion of heal wounds {unknown}
 m - 2 potions of degeneration {unknown}
 n - 2 potions of magic {unknown}
 o - a potion of berserk rage {unknown}
 p - a potion of mutation {unknown}


   Skills:
 + Level 5.0 Fighting
 + Level 6.8 Axes
 + Level 3.9 Armour
 + Level 3.4 Dodging
 + Level 1.0 Stealth
 * Level 3.0 Evocations


You had 6 spell levels left.
You didn't know any spells.
Your spell library was empty.

Dungeon Overview and Level Annotations

Branches:
Dungeon (5/15)
 Temple: D:4-7

Altars:
Makhleb

Shops:
D:2 :


Innate Abilities, Weirdness & Mutations

You have a pair of horns on your head.
You reflexively headbutt those who attack you in melee.


Message History

b - 2 scrolls labelled SUNUIXO CUANKEMYO (gained 1)
You see here a +0 quarterstaff.
No target in view!
Done exploring.
No target in view!
Done exploring.
No target in view!
Done exploring.
No target in view!
Done exploring.
No target in view!
Search for what [Enter for "."]?
There is an open door here.
There is an open door here.
There is a stone staircase leading down here.
Search for what [Enter for "."]? .
You climb downwards.
The ogre shouts!
Found 26 arrows.
There is a stone staircase leading up here.
An ogre is nearby!
An ogre is nearby!
You hit the ogre.
The ogre is lightly wounded.
An ogre is nearby!
You barely miss the ogre.
The ogre is lightly wounded.
The ogre hits you with a +0 giant club!
An ogre is nearby!
You hit the ogre but do no damage.
The ogre is lightly wounded.
The ogre hits you with a +0 giant club!!
An ogre is nearby!
You are too injured to fight recklessly!
An ogre is nearby!
You are too injured to fight recklessly!
A red film seems to cover your vision as you go berserk!
You feel yourself moving faster!
You feel mighty!
The ogre hits you with a +0 giant club!!
You die...

## #.#####
#.....##
#......#
#......#
#..<@O.#
#.(....#
#......#
#......#
.......#..
........#...
.........#
...
...##....#
...


You could see an ogre.

Vanquished Creatures
  Grinder (D:3)
  A bullfrog (D:4)
  A bullfrog skeleton (D:4)
  2 orc priests (D:4)
  Natasha (twice) (D:3)
  2 orc wizards (D:4)
  A hound skeleton (D:4)
  An adder (D:4)
  2 worms (D:2)
  11 dart slugs
  13 orcs
  7 ball pythons
  6 bats
  5 endoplasms
  2 giant cockroaches
  5 goblins
  13 hobgoblins
  4 jackals (D:1)
  3 quokkas
  3 frilled lizards
  11 kobolds
  A quokka skeleton (D:4)
  7 rats
104 creatures vanquished.

Notes
Turn   | Place    | Note
-------+----------+-------------------------------------------
     0 | D:1      | cbfl8 the Minotaur Berserker began the quest for the Orb.
     0 | D:1      | Reached XP level 1. HP: 19/19 MP: 0/0
   373 | D:1      | Reached XP level 2. HP: 20/27 MP: 1/1
   536 | D:1      | Reached skill level 4 in Axes
   609 | D:1      | Reached skill level 1 in Evocations
   707 | D:1      | Reached ** piety under Trog
   708 | D:1      | Reached XP level 3. HP: 17/33 MP: 2/2
  1751 | D:2      | Found Qasch's Book Boutique.
  1942 | D:2      | Found a faded altar of an unknown god.
  2479 | D:3      | Noticed Grinder
  2562 | D:3      | Found a burning altar of Makhleb.
  2580 | D:3      | Reached XP level 4. HP: 40/40 MP: 3/3
  2722 | D:3      | Killed Grinder
  2723 | D:3      | Reached skill level 5 in Axes
  2723 | D:3      | Reached XP level 5. HP: 45/47 MP: 4/4
  2723 | D:3      | Reached XP level 6. HP: 51/53 MP: 5/5
  2926 | D:3      | Reached *** piety under Trog
  3168 | D:3      | Noticed Natasha
  3173 | D:3      | Killed Natasha
  3174 | D:3      | Reached skill level 6 in Axes
  3174 | D:3      | Reached skill level 1 in Stealth
  3591 | D:3      | Noticed Natasha
  3596 | D:3      | Killed Natasha
  3894 | D:4      | Reached skill level 5 in Fighting
  4067 | D:4      | Reached XP level 7. HP: 51/61 MP: 6/6
  4071 | D:4      | Reached **** piety under Trog
  4676 | D:5      | Entered Level 5 of the Dungeon
  4681 | D:5      | Slain by an ogre

Illustrated notes

Levels and vault maps discovered:
D:1:      pf_arrival_petrified_forest, layout_basic, grunt_decor_fettered
D:2:      minmay_chambers_of_ones, layout_loops_ring,
          hellmonk_ecumenical_altar_crossroads, serial_shops,
          nicolae_shop_trees, kennysheep_decorative_pillar,
          palyth_stone_intersect, minmay_misc_feat_diagonals
D:3:      kennysheep_slugbush, layout_loops_ring,
          mainiacjoe_overflow_surrounded_room,
          nicolae_concentric_dashed_squares_wild, uniq_natasha, uniq_grinder
D:4:      layout_gridville, minmay_crystal_room
D:5:      layout_gridville, nemelex_xobeh_ov_fountains_minmay, zin_angel,
          nicolae_overflow_crystal_walls, minmay_manual_monstrance

Skill      XL: |  1  2  3  4  5  6  7 |
---------------+----------------------+-----
Fighting       | 4 5 |  5.0
Axes           | 4 5 6 |  6.8
Evocations     | 1 2 3 |  3.0
Dodging        | 3 |  3.4
Armour         | 3 |  3.9
Stealth        | 1 |  1.0

Action                   |  1- 3 |  4- 6 |  7- 9 || total
-------------------------+-------+-------+-------++-------
Melee: Hand axe          |   126 |    95 |    26 ||   247
       Headbutt          |    13 |    24 |     2 ||    39
       Punch             |       |     1 |       ||     1
Invok: Berserk           |       |     2 |     1 ||     3
 Stab: Sleeping          |     2 |       |       ||     2
Armor: Animal skin       |    21 |       |       ||    21
       Ring mail         |     1 |    26 |     7 ||    34
Dodge: Dodged            |    76 |    52 |     9 ||   137
